 Dungeon Crawl Stone Soup version 0.30-a0-358-g0d69a1922f (webtiles) character file.

Game seed: 12295332149790421870

13913 Ijustatesigmund the Thaumaturge (level 11, -3/66 HPs)
             Began as a Deep Elf Necromancer on Nov 9, 2022.
             Was a Priest of Makhleb.
             Shot with a bolt by a yaktaur (15 damage)
             ... on level 11 of the Dungeon on Nov 10, 2022.
             The game lasted 00:50:59 (15444 turns).

Ijustatesigmund the Thaumaturge (DENe)             Turns: 15444, Time: 00:50:59

Health: -3/66      AC: 12    Str:  5    XL:     11   Next: 81%
Magic:  28/28      EV: 14    Int: 28    God:    Makhleb [***...]
Gold:   157        SH:  0    Dex: 18    Spells: 16/33 levels left

rFire   . . .      SeeInvis .    w - +4 short sword of Jyptixta {flame, Int+3}
rCold   . . .      Faith    .    (no shield)
rNeg    . . .      Spirit   .    a - +1 robe
rPois   .          Reflect  .    F - +1 helmet
rElec   .          Harm     .    p - +2 cloak {Stlth+}
rCorr   .          Rampage  .    o - +1 pair of gloves {Dex+3}
Will    +....                    i - +1 pair of boots
Stlth   ++++......               d - amulet of regeneration
HPRegen 1.11/turn                (no ring)
MPRegen 0.21/turn                (no ring)

@: no status effects
A: no striking features
a: Renounce Religion, Minor Destruction, Lesser Servant of Makhleb


You were on level 11 of the Dungeon.
You worshipped Makhleb.
Makhleb was most pleased with you.
You visited 2 branches of the dungeon, and saw 13 of its levels.
You also visited: Sewer.

You collected 871 gold pieces.
You spent 714 gold pieces at shops.

Inventory:

Hand Weapons
 f - a +1 vorpal rapier
 w - the +4 short sword of Jyptixta (weapon) {flame, Int+3}
   (You found it on level 5 of the Dungeon)

   It burns those it strikes, dealing additional fire damage.
   Int:       It affects your intelligence (+3).
 E - a +4 sling of flaming
Missiles
 g - 4 throwing nets
Armour
 a - a +1 robe (worn)
 i - a +1 pair of boots (worn)
 o - a +1 pair of gloves of dexterity (worn)
 p - a +2 cloak of stealth (worn)
 F - a +1 helmet (worn)
Magical Staves
 m - a staff of fire
Jewellery
 d - an amulet of regeneration (around neck)
 H - an amulet of magic regeneration
Wands
 r - a wand of paralysis (5)
 z - a wand of iceblast (7)
 A - a wand of flame (13)
Scrolls
 h - 4 scrolls of immolation
 l - 4 scrolls of fog
 t - 3 scrolls of amnesia
 u - 2 scrolls of fear
 v - 7 scrolls of teleportation
 y - 3 scrolls of magic mapping
 B - a scroll of poison
Potions
 b - 3 potions of magic
 c - 2 potions of might
 e - 2 potions of mutation
 j - 4 potions of brilliance
 k - 6 potions of cancellation
 n - 3 potions of lignification
 q - 3 potions of flight
 s - 4 potions of curing
 x - a potion of ambrosia
 C - a potion of attraction
 D - a potion of degeneration {unknown}


   Skills:
 - Level 6.5 Fighting
 - Level 4.0 Short Blades
 - Level 2.2 Armour
 - Level 3.8 Dodging
 - Level 4.0 Stealth
 - Level 11.6 Spellcasting
 - Level 11.4 Necromancy
 - Level 3.1 Ice Magic
 + Level 6.3 Earth Magic
 + Level 8.9 Invocations
 - Level 3.2 Evocations


You had 16 spell levels left.
You knew the following spells:

 Your Spells              Type           Power      Damage    Failure   Level
a - Necrotise             Necr           100%       1d9       1%          1
b - Vampiric Draining     Necr           69%        2d10      1%          3
c - Agony                 Necr           69%        N/A       1%          5
d - Ozocubu's Armour      Ice            34%        N/A       2%          3
e - Borgnjor's Vile Clut  Necr/Erth      30%        N/A       2%          5

Your spell library contained the following spells:

 Spells                   Type           Power      Damage    Failure   Level
 Sublimation of Blood     Necr           69%        N/A       1%          2
 Animate Dead             Necr           69%        N/A       1%          4
 Wereblood                Tmut           16%        N/A       5%          2
 Animate Armour           Summ/Erth      66%        N/A       10%         4
 Dazzling Flash           Conj/Hex       32%        N/A       11%         3
 Alistair's Intoxication  Tmut/Pois      10%        N/A       67%         5
 Blade Hands              Tmut           8%         N/A       67%         5
 Iron Shot                Conj/Erth      16%        9d4       82%         6
 Eringya's Noxious Bog    Tmut/Pois      8%         N/A       99%         6
 Ozocubu's Refrigeration  Ice            17%        4d11      100%        7
 Summon Hydra             Summ           8%         N/A       100%        7


Dungeon Overview and Level Annotations

Branches:
Dungeon (12/15)            Temple (1/1) D:7            Lair (0/5) D:8
    Orc (0/2) D:9           Sewer (visited)

Altars:
Ashenzari
Cheibriados
Dithmenos
Elyvilon
Fedhas
Gozag
Hepliaklqana
Kikubaaqudgha
Makhleb
Nemelex Xobeh
Okawaru
Qazlal
Ru
Sif Muna
Trog
Uskayaw
Vehumet
Wu Jian
Xom
Yredelemnul
Zin
The Shining One

Shops:
D:2 !?([!   D:9 ?   D:10 :

Annotations:
D:8 2 transporters, borntocrawl's ghost, novice TeGl
D:10 1 runed translucent door, Bnni's ghost, journeyman HOMo


Message History

You swing at nothing.
You swing at nothing.
You swing at nothing.
You swing at nothing.
You swing at nothing.
You swing at nothing.
You swing at nothing.
You swing at nothing.
You swing at nothing.
You swing at nothing.
You swing at nothing.
You swing at nothing.
You swing at nothing.
You swing at nothing.
You swing at nothing.
You swing at nothing.
You swing at nothing.
You swing at nothing.
You swing at nothing.
You swing at nothing.
You swing at nothing.
You swing at nothing.
You swing at nothing.
You swing at nothing.
You swing at nothing.
You swing at nothing.
You swing at nothing.
You start waiting.
Done waiting.
You start waiting.
Done waiting.
There is a stone staircase leading up here.
You climb upwards.
The orc knight misses you.
The yaktaur shoots a bolt.
The bolt hits you!
The orc knight hits you with a +3 battleaxe!!
There is a stone staircase leading down, spattered with blood here.
The orc knight hits you with a +3 battleaxe!!
* * * LOW HITPOINT WARNING * * *
The yaktaur shoots a bolt.
The bolt hits you!
You die...

#.# #......#....#
#.#
##.#####.#..###
#.# #.......#.....
#.# #########.####
#.# ##'## #.##
##...### #..###
##....T.. ##o#.##
##.....###
#@...####......# #
#.......'...)..#
#....####.........
#c#.## ##.....#.#
#...# ##....#..
###.# ##...### #.#
#..#.. ###c#####
#..#..
#.....o.#####.....


You could see an orc knight and a yaktaur.

Vanquished Creatures
  A boulder beetle (D:11)
  3 two-headed ogres (D:11)
  A tengu warrior (D:11)
  An ugly thing (D:11)
  Joseph (D:7)
  A gargoyle (D:9)
  3 unseen horrors
  A rime drake (D:8)
  2 trolls (D:11)
  2 shadows
  A wraith (D:11)
  11 yaks
  A wyvern (D:9)
  2 steam dragons
  3 vampire mosquitoes (D:12)
  A water moccasin (D:8)
  2 orc warriors (D:8)
  8 ice beasts
  2 sky beasts (D:7)
  A wolf (D:8)
  2 ogres
  A centaur (D:9)
  3 phantoms
  3 kobold brigands
  3 gnoll sergeants
  5 bullfrogs
  3 necrophages
  4 wights
  24 killer bees
  2 electric eels (D:7)
  6 howler monkeys
  8 hounds
  6 orc priests
  3 gnoll boudas (D:5)
  2 jellies
  Crazy Yiuf (D:4)
  Terence (D:3)
  5 iguanas
  6 orc wizards
  19 gnolls
  3 river rats (Sewer)
  12 adders
  2 dart slugs
  32 orcs
  11 ball pythons
  2 bats (D:1)
  5 endoplasms
  4 giant cockroaches
  3 goblins
  9 hobgoblins
  5 jackals
  5 quokkas
  3 frilled lizards
  15 kobolds
  4 rats
270 creatures vanquished.

Vanquished Creatures (collateral kills)
  A wolf (D:8)
  A centaur (D:8)
  An adder (D:3)
  A shadow imp (D:5)
  An orc (D:9)
  A kobold (Sewer)
  2 ball pythons
8 creatures vanquished.

Vanquished Creatures (others)
  5 fungi (D:4)
  12 plants (Sewer)
  5 toadstools (D:4)
  2 withered plants (D:10)
24 creatures vanquished.

Grand Total: 302 creatures vanquished

Notes
Turn   | Place    | Note
-------+----------+-------------------------------------------
     0 | D:1      | Ijustatesigmund the Deep Elf Necromancer began the quest
                  | for the Orb.
     0 | D:1      | Reached XP level 1. HP: 10/10 MP: 6/6
   110 | D:1      | You fall into a shaft and drop 1 floor!
   110 | D:2      | Found Doelask's Distillery.
   141 | D:2      | Found Itarie Lamn's Magic Scroll Emporium.
   168 | D:2      | Reached skill level 5 in Necromancy
   344 | D:2      | Found Gax Yrhu's Antique Weapon Boutique.
   459 | D:2      | Reached XP level 2. HP: 16/16 MP: 6/8
   802 | D:1      | Reached skill level 1 in Fighting
   977 | D:1      | Found a faded altar of an unknown god.
  1174 | D:2      | Reached XP level 3. HP: 20/20 MP: 8/10
  1178 | D:2      | Learned a level 3 spell: Vampiric Draining
  1338 | D:2      | Found Edytt's Armour Emporium.
  1437 | D:2      | Found Foontufe's Distillery.
  1567 | D:2      | Bought a scroll of identify for 24 gold pieces
  1568 | D:2      | Bought a scroll of identify for 24 gold pieces
  1568 | D:2      | Bought a scroll of identify for 24 gold pieces
  1843 | D:3      | Noticed Terence
  1848 | D:3      | Killed Terence
  1849 | D:3      | Reached XP level 4. HP: 26/26 MP: 7/12
  2178 | D:3      | Found a shimmering blue altar of Sif Muna.
  2537 | D:2      | Bought a potion of curing for 33 gold pieces
  2539 | D:2      | Bought a potion of heal wounds for 55 gold pieces
  2633 | D:4      | Reached XP level 5. HP: 25/30 MP: 8/14
  2639 | D:4      | Learned a level 5 spell: Agony
  2686 | D:4      | Noticed a phantom
  2775 | D:4      | Reached skill level 5 in Spellcasting
  2827 | D:4      | Killed a phantom
  2926 | D:4      | Found a runed translucent door.
  2927 | D:4      | Noticed Crazy Yiuf
  2989 | D:4      | Found a glowing drain.
  3004 | Sewer    | Entered a sewer
  3146 | Sewer    | Reached XP level 6. HP: 35/35 MP: 13/16
  4187 | D:4      | Killed Crazy Yiuf
  4196 | D:4      | Identified a scroll of acquirement
  4196 | D:4      | Acquired a +1 pair of gloves of dexterity
  4294 | D:5      | Entered Level 5 of the Dungeon
  4308 | D:5      | Reached XP level 7. HP: 40/40 MP: 13/19
  4960 | D:5      | Reached skill level 1 in Evocations
  5505 | D:5      | Reached XP level 8. HP: 44/44 MP: 13/22
  6089 | D:5      | Identified the +4 short sword of Jyptixta {flame, Int+3}
  6357 | D:6      | Reached skill level 1 in Short Blades
  6883 | D:6      | Found a glowing golden altar of the Shining One.
  6907 | D:6      | Found an ornate altar of the Wu Jian Council.
  6997 | D:7      | Learned a level 3 spell: Ozocubu's Armour
  7025 | D:7      | Reached XP level 9. HP: 52/52 MP: 11/23
  7151 | D:7      | Reached skill level 1 in Ice Magic
  7406 | D:7      | Found a staircase to the Ecumenical Temple.
  7559 | Temple   | Entered the Ecumenical Temple
  7935 | Temple   | Became a worshipper of Makhleb the Destroyer
  7954 | D:7      | Noticed Joseph
  7956 | D:7      | Got the Essays on the Enthralling Gathering
  7965 | D:7      | Killed Joseph
  7966 | D:7      | Reached skill level 1 in Invocations
  8966 | D:8      | Noticed a rime drake
  9030 | D:8      | Reached skill level 5 in Fighting
  9035 | D:8      | Found a staircase to the Lair.
  9053 | D:8      | Killed a rime drake
  9055 | D:8      | Reached skill level 10 in Spellcasting
  9055 | D:8      | Reached skill level 10 in Necromancy
  9346 | D:8      | Reached XP level 10. HP: 59/59 MP: 15/26
  9411 | D:8      | Reached * piety under Makhleb
  9724 | D:8      | Found a transporter.
  9941 | D:8      | Found a transporter.
 10057 | D:8      | Noticed borntocrawl's ghost (novice TeGl)
 10379 | D:8      | Reached skill level 1 in Armour
 10717 | D:8      | Reached ** piety under Makhleb
 11091 | D:8      | Reached skill level 5 in Invocations
 12080 | D:9      | Found a staircase to the Orcish Mines.
 12486 | D:9      | Reached XP level 11. HP: 62/65 MP: 28/28
 12698 | D:9      | Found Teru's Magic Scroll Boutique.
 12703 | D:9      | Bought a scroll of fear for 56 gold pieces
 12703 | D:9      | Bought a scroll of teleportation for 42 gold pieces
 13058 | D:10     | Entered Level 10 of the Dungeon
 13491 | D:10     | Found Eruetis's Book Emporium.
 13499 | D:10     | Bought Great Wizards, Vol. II for 456 gold pieces
 13505 | D:10     | Learned a level 5 spell: Borgnjor's Vile Clutch
 13783 | D:10     | Reached skill level 1 in Earth Magic
 13913 | D:10     | Found a runed translucent door.
 13914 | D:10     | Noticed Bnni's ghost (journeyman HOMo)
 14077 | D:11     | Noticed a two-headed ogre
 14085 | D:11     | Killed a two-headed ogre
 14128 | D:11     | Noticed a two-headed ogre
 14143 | D:11     | Killed a two-headed ogre
 14147 | D:11     | Noticed a two-headed ogre
 14148 | D:11     | Noticed a boulder beetle
 14305 | D:11     | Reached *** piety under Makhleb
 14382 | D:11     | Killed a boulder beetle
 14507 | D:11     | Killed a two-headed ogre
 14508 | D:11     | Reached skill level 5 in Earth Magic
 14571 | D:11     | Noticed a tengu warrior
 14579 | D:11     | Killed a tengu warrior
 14635 | D:11     | Noticed a green ugly thing
 14640 | D:11     | Noticed a cyan ugly thing
 14653 | D:11     | Killed a cyan ugly thing
 14659 | D:11     | Noticed an orc knight
 15444 | D:11     | Shot with a bolt by a yaktaur

Illustrated notes

Levels and vault maps discovered:
D:1:      amcnicky_arrival_blooded_trapdoor, layout_rooms,
          shapermc_ecumenical_altar_starsandcircs, minmay_pentomino_z4
D:2:      layout_basic, serial_shops, shop_fountains, nicolae_square_shop,
          nicolae_shop_crystal, nicolae_shop_crystal, nicolae_lakefront_shop,
          serial_corexii_hall, chequers_hall_statues_wall_a,
          corexii_hall_statues_x
D:3:      layout_basic, lemuel_tele_altar, uniq_terence
D:4:      layout_basic, portal_sewer_entry_f, minmay_gold_behind_fungi,
          uniq_crazy_yiuf_cottage
D:5:      cheibrodos_helix_gallery, layout_cave_pools, serial_gnoll_camp,
          gnoll_camp_mini_loothouse, gnoll_camp_mini_hut, gnoll_camp_medium_02,
          gnoll_camp_mini_basic
D:6:      layout_gridville, tso_altar, nzn_wu_jian_council_hall,
          hangedman_decor_riveting
D:7:      layout_basic, minmay_temple_entry_statues_pillars,
          chequers_serial_rivers_marsh, minivault_14, uniq_joseph
D:8:      corexii_shack_village, layout_loops_ring, hellmonk_lair_entry_icy,
          gammafunk_ghost_hive
D:9:      layout_rooms, david_orc_2, serial_shops, nicolae_shop_hallway_plus,
          kennysheep_potato
D:10:     layout_roguey, serial_shops, shop_statue, gammafunk_ghost_grave
D:11:     minmay_the_grid_square_5x5_5x5 [minmay_the_grid_square_5x5_lines,
          minmay_the_grid_square_5x5_three_small,
          minmay_the_grid_square_5x5_spiral_small,
          minmay_the_grid_square_5x5_half_checkered,
          minmay_the_grid_square_5x5_tie,
          minmay_the_grid_square_5x5_pentomino_r,
          minmay_the_grid_square_5x5_prize_itemx,
          minmay_the_grid_square_5x5_trominoes,
          minmay_the_grid_square_5x5_prize_waves,
          minmay_the_grid_square_5x5_six, minmay_the_grid_square_5x5_checkered,
          minmay_the_grid_square_5x5_inset,
          minmay_the_grid_square_5x5_prize_snowflake,
          minmay_the_grid_square_5x5_inner_i,
          minmay_the_grid_square_5x5_two_small,
          minmay_the_grid_square_5x5_fat_x,
          minmay_the_grid_square_5x5_prize_junk,
          minmay_the_grid_square_5x5_empty,
          minmay_the_grid_square_5x5_prize_deathbox,
          minmay_the_grid_square_5x5_bridge, minmay_the_grid_square_5x5_eight,
          minmay_the_grid_square_5x5_longway,
          minmay_the_grid_square_5x5_inner_z,
          minmay_the_grid_square_5x5_one_wall,
          minmay_the_grid_square_5x5_hollow_slash], layout_loops_corners,
          elyvilon_altar_3
D:12:     layout_rooms
Temple:   compressed_dpeg_triangle_lava_temple

Skill      XL: |  1  2  3  4  5  6  7  8  9 10 11 |
---------------+----------------------------------+-----
Necromancy     | 5 6 7 8 9 10 11 | 11.4
Fighting       | 1 2 4 5 6 |  6.5
Spellcasting   | 4 5 6 8 10 11 | 11.6
Evocations     | 2 3 |  3.2
Short Blades   | 4 |  4.0
Ice Magic      | 3 |  3.1
Stealth        | 4 |  4.0
Invocations    | 3 5 8 |  8.9
Armour         | 2 |  2.2
Dodging        | 3 |  3.8
Earth Magic    | 6 |  6.3

Action                   |  1- 3 |  4- 6 |  7- 9 | 10-12 || total
-------------------------+-------+-------+-------+-------++-------
Melee: Short sword       |     1 |       |   119 |   354 ||   474
       Rapier            |       |    50 |    19 |       ||    69
       Punch             |       |     1 |     2 |     3 ||     6
 Cast: Necrotise         |    62 |    92 |   118 |    78 ||   350
       Vampiric Draining |       |     3 |    62 |    84 ||   149
       Agony             |       |     1 |     8 |     9 ||    18
       Ozocubu's Armour  |       |       |     2 |    14 ||    16
       Borgnjor's Vile C |       |       |       |    12 ||    12
Evoke: Wand              |       |       |     4 |    18 ||    22
  Use: Scroll            |    10 |     5 |     6 |     7 ||    28
       Potion            |       |     5 |       |     5 ||    10
 Stab: Invisible         |       |     2 |       |       ||     2
       Distracted        |       |       |     1 |       ||     1
       Sleeping          |       |       |     5 |     5 ||    10
Armor: Robe              |     4 |    13 |    72 |   204 ||   293
Dodge: Dodged            |     8 |    25 |   171 |   277 ||   481

Table legend: (Time is in decaauts)
 A = Elapsed time spent in this place.
 B = Non-inter-level travel time spent in this place.
 C = Inter-level travel time spent in this place.
 D = Time resting spent in this place.
 E = Time spent auto-exploring this place.
 F = Levels seen in this place.
 G = Mean time per level.
                   A        B        C        D        E       F      G
               +--------+--------+--------+--------+--------+-----+--------+
         Total |  15479 |  14760 |    719 |   5323 |   6686 |  14 | 1105.6 |
       Dungeon |  13814 |  13113 |    701 |   5058 |   5577 |  12 | 1151.2 |
        Temple |    394 |    377 |     17 |      0 |    347 |   1 |  394.0 |
         Sewer |   1270 |   1270 |      0 |    265 |    761 |   1 | 1270.0 |
               +--------+--------+--------+--------+--------+-----+--------+

Top non-repeatable levels by time:
     D:8: 3011 daAuts
     D:5: 1672 daAuts
     D:9: 1535 daAuts
     D:7: 1350 daAuts
   Sewer: 1270 daAuts
     D:2: 963 daAuts
     D:3: 941 daAuts
     D:4: 815 daAuts
    D:10: 740 daAuts
     D:6: 727 daAuts
     D:1: 716 daAuts
    D:12: 707 daAuts
    D:11: 633 daAuts
  Temple: 394 daAuts
